Map: Frozen Temple

Players

Антон - Winner!

  • Race: Protoss Protoss
  • League: Gold

capac

  • Race: Terran Terran
  • League: Gold

VOD

Have the link to the VOD?

Description

Time

  • Played on: April 25, 2016, 8:45 p.m.
  • Length: 19:53
Show
View Real Time Build Order
Export as new Build Order

Антон Protoss - Winner!

Build Orders:  

Get SALT Encoding   

  12  0:05  Probe (Chrono Boost)  
  13  0:15  Probe (Chrono Boost)  
  14  0:22  Pylon  
  14  0:40  Assimilator  
  14  0:42  Gateway  
  14  0:45  Probe (Chrono Boost)  
  15  0:56  Probe (Chrono Boost)  
  16  1:06  Probe (Chrono Boost)  
  17  1:17  Probe (Chrono Boost)  
  18  1:27  Probe (Chrono Boost), Assimilator  
  19  1:34  Pylon  
  19  1:38  Probe (Chrono Boost)  
  20  1:50  Cybernetics Core  
  20  2:01  Probe (Chrono Boost)  
  21  2:05  Nexus  
  21  2:27  Warp Gate  
  21  2:29  Mothership Core (Chrono Boost)  
  23  2:56  Pylon  
  22  3:02  Gateway  
  22  3:05  Gateway  
  22  3:23  Assimilator  
  23  3:27  Probe (Chrono Boost)  
  23  3:37  Probe (Chrono Boost)  
  23  3:39  Gateway  
  24  3:48  Probe (Chrono Boost)  
  25  3:51  Pylon  
  25  3:59  Adept x3  
  31  4:03  Probe (Chrono Boost)  
  32  4:13  Probe (Chrono Boost)  
  33  4:18  Twilight Council  
  34  4:24  Probe (Chrono Boost)  
  34  4:25  Probe (Chrono Boost)  
  35  4:34  Probe (Chrono Boost)  
  35  4:36  Probe (Chrono Boost)  
  37  4:45  Probe (Chrono Boost)  
  38  4:49  Robotics Facility  
  38  4:59  Resonating Glaives (Chrono Boost), Pylon  
  36  5:16  Probe x2 (Chrono Boost)  
  36  5:18  Adept x4  
  46  5:26  Probe x2 (Chrono Boost)  
  48  5:37  Probe (Chrono Boost)  
  48  5:41  Observer  
  50  5:55  Pylon  
  50  6:00  Robotics Bay, Adept  
  50  6:01  Adept x3  
  58  6:13  Robotics Facility  
  58  6:49  Disruptor  
  58  6:53  Nexus  
  61  7:00  Disruptor  
  64  7:03  Assimilator  
  64  7:05  Assimilator  
  64  7:09  Pylon  
  64  7:17  Adept x2  
  64  7:18  Adept  
  70  7:27  Pylon  
  70  7:41  Adept  
  70  7:42  Adept x3  
  78  8:05  Gateway  
  78  8:07  Gateway  
  78  8:09  Disruptor, Gateway  
  78  8:12  Gateway  
  81  8:14  Forge  
  81  8:15  Forge  
  81  8:20  Disruptor  
  81  8:23  Probe x3 (Chrono Boost)  
  87  8:33  Probe (Chrono Boost)  
  89  8:34  Probe x2 (Chrono Boost)  
  89  8:44  Probe x2 (Chrono Boost)  
  89  8:45  Probe (Chrono Boost)  
  92  8:49  Blink  
  92  8:54  Probe (Chrono Boost)  
  93  8:57  Protoss Ground Weapons Level 1  
  93  9:06  Assimilator  
  93  9:08  Assimilator  
  93  9:11  Probe (Chrono Boost)  
  93  9:12  Probe x2 (Chrono Boost)  
  96  9:21  Sentry x2  
  96  9:22  Probe (Chrono Boost)  
  101  9:30  Pylon  
  101  9:33  Pylon  
  101  9:43  Pylon  
  101  9:44  Pylon  
  101  9:47  Pylon  
  101  9:48  Probe (Chrono Boost), Observer x2  
  101  9:50  Pylon, Observer Gravitic Boosters  
  104  9:59  Stalker x3  
  110  10:00  Stalker x3  
  110  10:01  Stalker  
  110  10:05  Adept  
  120  10:19  Dark Shrine  
  120  10:24  Probe x3 (Chrono Boost)  
  123  10:34  Stalker x3  
  123  10:35  Probe x3 (Chrono Boost), Stalker x2  
  136  10:36  Stalker  
  136  10:37  Stalker  
  136  10:39  Adept  
  142  11:10  Stalker x3  
  148  11:16  Pylon  
  148  11:17  Pylon  
  148  11:21  Pylon  
  148  11:33  Disruptor x2  
  148  11:36  Dark Templar x2  
  148  11:37  Dark Templar x2  
  157  12:20  Protoss Ground Weapons Level 2  
  157  12:23  Protoss Ground Armor Level 1  
  157  12:33  Colossus x2, Nexus  
  157  12:36  Pylon  
  169  12:39  Extended Thermal Lance (Chrono Boost), Pylon  
  169  12:42  Assimilator  
  169  12:44  Assimilator  
  169  12:46  Stalker  
  169  12:47  Stalker  
  169  12:49  Pylon  
  173  12:52  Pylon x2  
  173  13:28  Colossus x2  
  185  14:29  Warp Prism  
  185  14:30  Observer  
  188  14:33  Stalker x2  
  188  14:34  Stalker x4  
  170  15:52  Stargate  
  170  15:53  Stargate  
  170  15:56  Stargate  
  170  15:58  Stargate  
  170  15:59  Stalker x4  
  170  16:00  Stalker x4  
  186  16:05  Gateway  
  186  16:07  Gateway  
  186  16:09  Gateway  
  186  16:13  Gateway  
  186  16:15  Gateway  
  186  16:22  Protoss Shields Level 1  
  186  16:33  Nexus  
  186  16:36  Pylon  
  186  16:37  Pylon  
  186  16:38  Protoss Air Weapons Level 1  
  186  16:40  Assimilator  
  186  16:42  Assimilator  
  186  16:47  Fleet Beacon  
  186  16:50  Stalker x4  
  186  16:51  Stalker  
  186  16:52  Stalker  
  186  16:54  Stalker  
  150  19:28  Stalker x6  
  150  19:29  Stalker x5  
  150  19:30  Stalker x2  
Show
View Real Time Build Order
Export as new Build Order

capac Terran 

Build Orders: Reaper Expand 

Get SALT Encoding   

  12  0:00  SCV  
  13  0:12  SCV  
  14  0:18  Supply Depot  
  14  0:27  SCV  
  15  0:40  SCV  
  15  0:41  Barracks  
  16  0:46  Refinery  
  16  0:52  SCV  
  17  1:04  SCV  
  18  1:16  SCV  
  19  1:30  Reaper  
  20  1:34  Orbital Command  
  20  1:51  Command Center  
  20  1:52  Supply Depot  
  20  2:16  Marine  
  20  2:21  Barracks  
  21  2:23  SCV  
  21  2:43  Barracks Reactor  
  21  2:45  SCV  
  22  2:58  SCV  
  23  3:08  Engineering Bay  
  23  3:09  Factory  
  23  3:10  SCV  
  24  3:15  Barracks Tech Lab  
  24  3:18  Barracks  
  24  3:23  SCV  
  25  3:27  Marine x2  
  25  3:32  Orbital Command  
  27  3:43  Marine  
  27  3:47  Stimpack  
  28  3:55  Refinery  
  28  3:56  Terran Infantry Weapons Level 1  
  28  4:01  Marine  
  28  4:02  Marine x2  
  31  4:04  SCV  
  32  4:11  Marine  
  32  4:15  Factory Tech Lab  
  32  4:16  SCV  
  34  4:28  SCV  
  35  4:40  Supply Depot, SCV  
  35  4:42  Marine x3  
  39  4:47  Marauder  
  39  4:48  Siege Tank  
  44  4:54  SCV  
  44  4:56  SCV  
  46  5:06  SCV  
  46  5:22  SCV x2  
  46  5:23  Bunker, Siege Tank  
  51  5:32  Barracks Reactor  
  51  5:37  Marine x3  
  54  6:00  Missile Turret  
  54  6:05  Missile Turret  
  54  6:07  Supply Depot  
  54  6:19  Supply Depot  
  54  6:24  Marine x2  
  54  6:25  Supply Depot, Marine x3, SCV x2  
  61  6:31  Starport  
  60  6:37  SCV x2  
  62  6:40  Siege Tank  
  62  6:46  Starport  
  65  6:48  Command Center  
  65  6:49  SCV x2  
  67  6:58  Supply Depot  
  67  7:01  SCV x2  
  67  7:04  Marine x4  
  73  7:13  Terran Infantry Armor Level 1  
  73  7:15  SCV x2  
  74  7:16  Starport Reactor  
  73  7:30  Siege Tank  
  73  7:36  Marine x3  
  79  7:37  Marauder  
  79  7:38  Starport Reactor  
  79  7:44  Refinery  
  79  7:45  Refinery, SCV  
  80  7:58  Barracks  
  79  8:00  Medivac x2  
  83  8:11  Missile Turret  
  83  8:18  Marine x4  
  83  8:19  Marine  
  88  8:21  Medivac  
  90  8:35  SCV x2, Sensor Tower  
  92  8:41  Medivac  
  94  8:48  Missile Turret  
  94  9:03  Missile Turret  
  94  9:06  SCV x2  
  94  9:09  Orbital Command  
  96  9:15  Marine x5, Armory  
  101  9:26  Barracks Tech Lab  
  101  9:40  Sensor Tower  
  101  9:42  Liberator x2  
  101  9:43  Marine x2, SCV x2  
  101  9:44  Marine  
  106  9:58  Medivac x2  
  116  10:01  Marine  
  117  10:08  Marine  
  118  10:14  Supply Depot  
  118  10:19  SCV x2  
  120  10:22  SCV  
  121  10:31  SCV  
  122  10:38  Liberator x2  
  122  10:39  Marine x3  
  122  10:40  Marauder, Marine  
  122  10:41  Marauder  
  130  10:47  Barracks, Siege Tank  
  133  10:52  Supply Depot  
  139  10:57  Marine x2  
  141  11:13  Marine x2  
  143  11:21  Marine x2  
  143  11:23  Marauder x2  
  143  11:25  Liberator x2  
  149  11:32  Barracks  
  149  11:39  Barracks x2  
  149  11:42  SCV x2  
  149  11:43  Supply Depot  
  149  11:45  Supply Depot  
  157  11:48  Liberator x2  
  157  12:05  Marauder  
  157  12:07  Barracks Reactor, Siege Tank, SCV  
  169  12:13  Supply Depot  
  163  12:17  Supply Depot  
  163  12:33  Missile Turret  
  163  12:35  Liberator x2  
  163  12:41  Barracks Tech Lab  
  163  12:42  Barracks Reactor  
  163  12:44  Barracks Reactor  
  163  12:56  Command Center  
  163  12:58  Marine x3  
  169  12:59  Marine x2  
  169  13:00  Marauder x3  
  169  13:04  Terran Infantry Weapons Level 2  
  180  13:07  Refinery, Engineering Bay, Terran Ship Weapons Level 1  
  180  13:08  Refinery  
  180  13:19  Medivac  
  182  13:20  Medivac  
  182  13:23  SCV x3  
  187  13:49  Marauder  
  189  14:00  Marauder x2  
  193  14:12  Marine x4  
  193  14:13  Marine x2  
  199  14:29  Command Center  
  193  15:39  Liberator x2  
  199  16:03  Terran Infantry Armor Level 2  
  199  16:05  Terran Ship Weapons Level 2, Terran Infantry Weapons Level 3  
  199  16:59  Planetary Fortress  
  199  17:02  Orbital Command  
  199  17:32  Starport  
  199  17:33  Starport  
  73  18:49  Marine  
  73  18:50  Marine x12  
  80  19:07  Marine x5  
  80  19:08  Marauder x3, Marine x5  
  97  19:25  Marine x7  
  97  19:30  Marauder x3  
Tags
 
Add a new tag
Caveats
  • Supply blocks, unpowered buildings, or Contaminate may cause inaccurate times.
  • Supply counts are checked every 10 seconds.